 Dungeon Crawl Stone Soup version 0.25-a0-523-g9afb2ee040 (webtiles) character file.

Game seed: 3989129013896525444, levelgen mode: classic

21 EnegeticOcto the Shield-Bearer (level 2, -2/28 HPs)
             Began as a Deep Dwarf Fighter on Feb 18, 2020.
             Slain by Grinder (3 damage)
             ... while paralysed by Grinder
             ... on level 3 of the Dungeon.
             The game lasted 00:00:14 (321 turns).

EnegeticOcto the Shield-Bearer (Deep Dwarf Fighter)  Turns: 321, Time: 00:00:15

Health: -2/28      AC:  6    Str: 19    XL:     2   Next: 62%
Magic:  2/2        EV:  2    Int:  8    God:
Gold:   20         SH:  0    Dex: 12    Spells: 1/1 levels left

rFire    . . .     SeeInvis .   a - +0 war axe
rCold    . . .     Gourm    .   c - +0 kite shield
rNeg     . . .     Faith    .   b - +0 scale mail
rPois    .         Spirit   .   (no helmet)
rElec    .         Reflect  .   (no cloak)
rCorr    .         Harm     .   (no gloves)
MR       .....                  (no boots)
Stlth    ..........             (no amulet)
HPRegen  0.00/turn              (no ring)
MPRegen  0.08/turn              (no ring)

@: paralysed, non-regenerating
A: damage resistance, heal wounds, sense surroundings 1, no regeneration
a: Heal Wounds


You were on level 3 of the Dungeon.
You were not hungry.

You visited 1 branch of the dungeon, and saw 3 of its levels.

You collected 20 gold pieces.

Inventory:

Hand Weapons
 a - a +0 war axe (weapon)
Armour
 b - a +0 scale mail (worn)
 c - a +0 kite shield (worn)
Scrolls
 d - 2 scrolls of remove curse {unknown}
 f - a scroll of amnesia {unknown}
 i - a scroll of identify {unknown}
 j - a scroll of enchant weapon {unknown}
Potions
 h - a potion of flight {unknown}
 k - a potion of might {@q3}
Comestibles
 e - 2 rations
 g - 4 chunks of flesh


   Skills:
 * Level 3.0 Fighting
 * Level 2.6 Axes
 + Level 3.4 Armour
 + Level 1.0 Dodging
 + Level 3.4 Shields


You had one spell level left.
You didn't know any spells.
Your spell library was empty.

Dungeon Overview and Level Annotations

Branches:
Dungeon (3/15)

Altars:

Annotations:
D:3 Grinder


Innate Abilities, Weirdness & Mutations

You are resistant to damage.
You can heal yourself by infusing magical energy.
You passively map a small area around you.
You do not regenerate.


Message History

The kobold shouts!
The kobold throws a stone.
The stone hits you but does no damage.
A frilled lizard comes into view.
You see here a stone.
The kobold throws a stone.
The stone closely misses you.
The frilled lizard bites you but does no damage.
You hit the frilled lizard.
You kill the frilled lizard!
A leopard gecko comes into view.
The kobold throws a stone.
The stone barely misses you.
The leopard gecko hisses angrily.
You slash the frilled lizard!
You kill the frilled lizard!
You closely miss the kobold. The kobold hits you but does no damage.
The kobold completely misses you.
You barely miss the leopard gecko. You hit the kobold but do no damage.
The leopard gecko bites you but does no damage.
You block the kobold's attack.
The leopard gecko bites you but does no damage.
Your scale mail prevents you from hitting the leopard gecko.
You barely miss the kobold. The kobold hits you but does no damage.
You block the leopard gecko's attack. The kobold hits you but does no damage.
You block the leopard gecko's attack.
You miss the leopard gecko. You slash the kobold!
You kill the kobold!
Your Fighting skill increases to level 3!
The leopard gecko bites you. The leopard gecko barely misses you.
You hit the leopard gecko but do no damage.
You block the leopard gecko's attack.
You miss the leopard gecko. The leopard gecko bites you.
You block the leopard gecko's attack.
You hit the leopard gecko.
The leopard gecko is moderately wounded.
You block the leopard gecko's attack. x2
A leopard gecko is nearby!
A leopard gecko is nearby!
A leopard gecko is nearby!
You slash the leopard gecko!
You kill the leopard gecko!
Your Dodging skill increases to level 1!
No target in view!
No target in view!
No target in view!
No target in view!
No target in view!
You butcher the frilled lizard corpse.
g - 5 chunks of flesh (gained 1)
You see here a frilled lizard skeleton. x2
j - a scroll labeled HETIOWKUEK
Found a stone staircase leading down.
A frilled lizard comes into view.
You see here a ration.
A frilled lizard is nearby!
A frilled lizard is nearby!
You miss the frilled lizard.
You block the frilled lizard's attack. x2
You closely miss the frilled lizard. You block the frilled lizard's attack.
You closely miss the frilled lizard. You block the frilled lizard's attack.
You closely miss the frilled lizard. The frilled lizard barely misses you.
You block the frilled lizard's attack.
You barely miss the frilled lizard. You block the frilled lizard's attack.
You slash the frilled lizard!
You kill the frilled lizard!
No target in view!
No target in view!
No target in view!
You butcher the frilled lizard corpse.
g - 6 chunks of flesh (gained 1)
You see here a frilled lizard skeleton. x2
e - 2 rations (gained 1)
You now have 20 gold pieces (gained 15).
d - 2 scrolls labeled HAESANIELO (gained 1) Grinder comes into view.
Grinder shouts!
Grinder is nearby!
You block Grinder's attack.
You slash Grinder!
Grinder is moderately wounded.
Grinder hits you but does no damage.
You hit Grinder.
Grinder is heavily wounded.
Grinder hits you.
You writhe in agony.
Grinder hits you.
You barely miss Grinder.
Grinder is heavily wounded.
Grinder closely misses you.
Some of the chunks of flesh in your inventory have rotted away.
You closely miss Grinder.
Grinder is heavily wounded.
Grinder says, "Are you a fish?" Grinder gestures at you.
You suddenly lose the ability to move!
Grinder hits you.
* * * LOW HITPOINT WARNING * * *
You writhe in agony.
* * * LOW HITPOINT WARNING * * *
Grinder hits you.
* * * LOW HITPOINT WARNING * * *
You writhe in agony.
* * * LOW HITPOINT WARNING * * *
Grinder hits you but does no damage. Grinder hits you.
You die...

#.# #.#
#######.################.#
#........................#
#.#####.################.## #.#
#...................# #.#
############..........# #.#
#.............####.#.## #.#
#.#########.>.#....#.#
#.###.#...5@......##.###.#
######.....#.########..#......#
...........#,#....รท....#..#####
.#...#.....#,#.######.....#
.....#.....#,* .......##.#
.....#.....#,* .##.#...#.#
...........# , #......#.#
.....#####... #####.##.# ....##
, *#.. ,,,.....#


You could see Grinder.

Vanquished Creatures
  A dart slug (D:1)
  2 leopard geckos
  A giant cockroach (D:2)
  A goblin (D:2)
  A hobgoblin (D:1)
  3 kobolds
  A quokka (D:2)
  A bat (D:2)
  5 frilled lizards
16 creatures vanquished.

Notes
Turn   | Place    | Note
-------+----------+-------------------------------------------
     0 | D:1      | EnegeticOcto the Deep Dwarf Fighter began the quest for the
                  | Orb.
     0 | D:1      | Reached XP level 1. HP: 20/20 MP: 1/1
    76 | D:1      | Reached XP level 2. HP: 27/27 MP: 2/2
   203 | D:3      | Reached skill level 1 in Dodging
   311 | D:3      | Noticed Grinder
   318 | D:3      | Paralysed by Grinder for 7 turns
   319 | D:3      | HP: 1/28 [Grinder (1)]
   321 | D:3      | Slain by Grinder

Levels and vault maps discovered:
D:1:      giann_wishing_wells, layout_basic
D:2:      layout_loops_ring
D:3:      layout_basic, gammafunk_ghost_mausoleum, kennysheep_orc_chapel,
          uniq_grinder

Skill      XL: |  1  2 |
---------------+-------+-----
Fighting       | 3 |  3.0
Dodging        | 1 |  1.0
Axes           | |  2.6
Armour         | |  3.4
Shields        | |  3.4

Action                   || total
-------------------------++-------
Melee: War axe           ||    59
Armor: Scale mail        ||    19
Dodge: Dodged            ||    20
Block: Kite shield       ||    30

Table legend:
 A = Non-vault XP
 B = Vault XP
 C = Vault XP percentage of total XP
 D = Non-vault monster count
 E = Vault monster count
 F = Vault count percentage of total count
                 A         B        C        D         E       F
            +---------+---------+-------+---------+---------+-------
      Total |      30 |       0 |   0.0 |      16 |       0 |   0.0
            +---------+---------+-------+---------+---------+-------
        D:1 |      13 |       0 |   0.0 |       5 |       0 |   0.0
        D:2 |       9 |       0 |   0.0 |       6 |       0 |   0.0
        D:3 |       8 |       0 |   0.0 |       5 |       0 |   0.0
            +---------+---------+-------+---------+---------+-------
